AoeStats
← A pelubi

Arabia

510443746Analyzed
3v3 RM · 1d ago on Oct 1, 2026· 42m 16s· 6 players
Game mode
Random Map
Map size
Normal (6 player)
Population
200
Speed
Normal
Resources
Standard
Victory
Conquest
Starting age
Dark Age
Ending age
Imperial Age
RankedLock teamsTeams togetherTeam positionsShared explorationLock speedFull tech treeHidden civsTurbo modeCheats
Victory
Defeat
🇨🇱 Ethiopians · Chile
1154
+15
🇨🇱 Wei · Chile
1094
+18
🇨🇱 Saracens · Chile
1053
+19
🇦🇷 Saracens · Argentina
1186
-20
🇦🇷 Vikings · Argentina
1117
-17
🇦🇷 Franks · Argentina
1084
-15
poteytor123
6:09 Loom
9:26 Feudal Age
10:41 Double-Bit Axe
21:09 Castle Age
22:00 Gold Mining
25:45 Scale Barding Armor
25:51 Forging
29:24 Chain Barding Armor
31:33 Husbandry
34:23 Iron Casting
37:05 Wheelbarrow
39:32 Imperial Age
39:50 Cavalier
41:06 Conscription
A pelubi
6:15 Loom
6:29 Loom
9:42 Feudal Age
12:12 Double-Bit Axe
17:10 Horse Collar
22:49 Castle Age
22:09 Scale Barding Armor
22:15 Forging
22:07 Gold Mining
22:59 Bloodlines
23:20 Light Cavalry
24:02 Husbandry
25:03 Iron Casting
24:31 Fletching
28:31 Thumb Ring
30:03 Stone Mining
31:39 Bow Saw
31:40 Elite Skirmisher
33:01 Padded Archer Armor
32:57 Bodkin Arrow
35:59 Chain Barding Armor
37:10 Leather Archer Armor
45:00 Imperial Age
Beto Casela
7:14 Loom
10:21 Feudal Age
11:04 Man-at-Arms
15:42 Scale Mail Armor
21:02 Town Watch
23:53 Castle Age
26:09 Double-Bit Axe
26:23 Pikeman
32:47 Elite Skirmisher
33:29 Padded Archer Armor
Inka-Reable
7:05 Loom
9:31 Feudal Age
12:19 Fletching
14:20 Padded Archer Armor
25:10 Castle Age
25:14 Crossbowman
25:53 Bodkin Arrow
28:31 Leather Archer Armor
32:21 Ballistics
33:04 Thumb Ring
33:23 Double-Bit Axe
39:24 Bow Saw
41:28 Town Watch
42:19 Wheelbarrow
=[TKG]SHION=
6:38 Loom
10:24 Feudal Age
11:09 Double-Bit Axe
19:01 Castle Age
17:12 Horse Collar
19:25 Fletching
19:10 Elite Skirmisher
21:38 Bow Saw
21:54 Crossbowman
22:50 Thumb Ring
24:27 Bodkin Arrow
30:07 Padded Archer Armor
31:20 Leather Archer Armor
33:27 Scale Mail Armor
43:29 Imperial Age
42:22 Heavy Plow
Twolon
7:00 Loom
7:58 Loom
10:48 Feudal Age
13:46 Bloodlines
13:48 Double-Bit Axe
17:42 Scale Barding Armor
23:40 Castle Age
21:56 Horse Collar
22:10 Gold Mining
24:57 Forging
25:55 Chain Barding Armor
26:26 Fletching
28:03 Bodkin Arrow
28:44 Iron Casting
31:16 Husbandry
33:04 Gold Shaft Mining
32:44 Bow Saw
32:37 Heavy Plow
41:41 Imperial Age
39:49 Wheelbarrow
39:02 Town Watch
42:19 Tuntian
43:25 Blast Furnace
42:55 Ming Guang Armor
42:52 Conscription
41:56 Heavy Hei Guang Cavalry
Connection lost

Rejoining the realm…

Still unreachable

The connection could not be restored.

Session expired

The server has moved on; the page needs a fresh start.